 Dungeon Crawl Stone Soup version bcrawl-1.19.2-6-g6a88ae04c9 (webtiles) character file.

Game seed: 9108386768910024858

150 Mrkan the Poker (level 5, 0/41 HPs)
             Began as a Merfolk Gladiator on Jan 7, 2020.
             Slain by Grinder (3 damage)
             ... while paralysed by Grinder
             ... on level 3 of the Dungeon.
             The game lasted 00:02:48 (2357 turns).

Mrkan the Poker (Merfolk Gladiator)                 Turns: 2357, Time: 00:02:49

Health: 0/41       AC:  5    Str: 15    XL:     5   Next: 32%
Magic:  5/5        EV:  2    Int:  7    God:
Gold:   120        SH:  0    Dex: 16    Spells: 4/4 levels left

rFire    . . .     SeeInvis .   a - +0 trident
rCold    . . .     Gourm    .   (no shield)
rNeg     . . .     Faith    .   b - +0 leather armour
rPois    .         Spirit   .   c - +0 helmet
rElec    .         Reflect  .   (no cloak)
rCorr    .         Harm     .   r - +0 pair of gloves
MR       .....                  (no boots)
Stlth    +.........             (no amulet)
HPRegen  0.13/turn              (no ring)
MPRegen  0.09/turn              (no ring)

@: paralysed
A: change form in water, swift swim, stealthy swim
a: no special abilities


You were on level 3 of the Dungeon.
You were not hungry.

You visited 1 branch of the dungeon, and saw 3 of its levels.

You collected 120 gold pieces.

Inventory:

Hand Weapons
 a - a +0 trident (weapon)
Missiles
 d - 3 throwing nets (quivered) {!f}
Armour
 b - a +0 leather armour (worn)
 c - a +0 helmet (worn)
 r - a +0 pair of gloves (worn)
Jewellery
 p - an uncursed ring of see invisible {unknown}
Scrolls
 g - a scroll of magic mapping {unknown}
 i - 4 scrolls of amnesia {unknown}
 l - 4 scrolls of identify {unknown}
 m - 3 scrolls of fear {unknown}
 n - a scroll of enchant armour {unknown}
 s - a scroll of remove curse {unknown}
Potions
 e - a potion of heal wounds {unknown}
 h - a potion of flight {unknown}
 j - a potion of agility {unknown}
 k - a potion of magic {unknown}
 o - a potion of curing {unknown}
 q - a potion of degeneration {unknown}
 t - a potion of brilliance {unknown}
 u - a potion of cancellation {unknown}
Comestibles
 f - 6 rations {!d}
 v - 3 chunks of flesh


   Skills:
 + Level 3.4 Fighting
 * Level 6.8 Polearms
 - Level 2.0 Throwing
 + Level 5.2 Dodging


You had 4 spell levels left.
You didn't know any spells.
Your spell library was empty.

Dungeon Overview and Level Annotations

Branches:
Dungeon (3/12)

Altars:
Cheibriados
Elyvilon

Annotations:
D:3 Grinder


Message History

You closely miss Grinder.
Grinder is moderately wounded.
Grinder barely misses you.
You hit Grinder.
Grinder is heavily wounded.
Grinder hits you.
You hit Grinder.
Grinder is severely wounded.
Grinder hits you.
You writhe in agony.
You hit Grinder.
Grinder is severely wounded.
Grinder gestures at you.
You suddenly lose the ability to move!
Grinder hits you. Grinder hits you!
* * * LOW HITPOINT WARNING * * *
You writhe in agony.
* * * LOW HITPOINT WARNING * * *
Grinder hits you.
You die...

#..........# ##†#..#.....#
#)÷##......##
########.####......###
#........# #.....[...#.
###....### #...###.....
#########...#####...####.....
.......#.......##...#........
.......#.#(.>...@5...........
..............###?......#...
#####...<..#..............#
#....######.............
#.#... #..#.##.##.### #...##.
#.##.. .# .# ..#.. .. ...
...#.. h ....#..
.....$..#..(. . .## #.. ...


You could see Grinder.

Vanquished Creatures
  A scorpion (D:3)
  A hound (D:3)
  An ooze (D:1)
  A worm (D:2)
  2 dart slugs
  3 leopard geckos
  An orc (D:2)
  3 giant cockroaches
  6 hobgoblins
  13 jackals
  A quokka (D:3)
  2 bats (D:1)
  3 frilled lizards
  6 goblins
  9 kobolds
  3 rats
56 creatures vanquished.

Notes
Turn   | Place    | Note
-------+----------+-------------------------------------------
     0 | D:1      | Mrkan the Merfolk Gladiator began the quest for the Orb.
     0 | D:1      | Reached XP level 1. HP: 16/16 MP: 1/1
    55 | D:1      | Reached XP level 2. HP: 7/23 MP: 2/2
   311 | D:1      | Reached skill level 5 in Polearms
   600 | D:1      | Reached XP level 3. HP: 22/28 MP: 3/3
  1239 | D:2      | Found a snail-covered altar of Cheibriados.
  1332 | D:2      | Found a white marble altar of Elyvilon.
  1566 | D:2      | Reached XP level 4. HP: 26/34 MP: 4/4
  2168 | D:3      | Reached skill level 6 in Polearms
  2231 | D:3      | Reached skill level 5 in Dodging
  2231 | D:3      | Reached XP level 5. HP: 27/41 MP: 5/5
  2319 | D:3      | Noticed Grinder
  2334 | D:3      | Paralysed by Grinder for 4 turns
  2354 | D:3      | Paralysed by Grinder for 4 turns
  2357 | D:3      | Slain by Grinder

Skill      XL: |  1  2  3  4 |
---------------+-------------+-----
Polearms       | 5 6 |  6.8
Fighting       | 3 |  3.4
Dodging        | 5 |  5.2
Throwing       | |  2.0

Action                   |  1- 3 |  4- 6 || total
-------------------------+-------+-------++-------
Melee: Trident           |   158 |    53 ||   211
  Eat: Chunk             |     2 |     3 ||     5
Armor: Leather armour    |    38 |    11 ||    49
Dodge: Dodged            |   118 |    33 ||   151
